 Dungeon Crawl Stone Soup version 0.29.0-11-gd7f09526c8 (webtiles) character file.

Game seed: 5273989787314389459

15648 experimilk the Geomancer (level 12, -4/96 HPs)
             Began as a White Draconian Earth Elementalist on Sept 4, 2022.
             Was a Priest of Fedhas.
             Slain by a nameless horror (13 damage)
             ... created by miscasting Summon Cactus Giant
             ... on level 2 of the Lair of Beasts on Sept 5, 2022.
             The game lasted 01:04:39 (21307 turns).

experimilk the Geomancer (DrEE)                    Turns: 21307, Time: 01:04:40

Health: -4/96      AC: 10    Str: 12    XL:     12   Next: 3%
Magic:  0/21       EV: 13    Int: 19    God:    Fedhas [***...]
Gold:   496        SH:  0    Dex: 12    Spells: 2/23 levels left

rFire   . . .      SeeInvis +   q - staff of earth
rCold   + . .      Faith    .   t - orb {light}
rNeg    . . .      Spirit   .   (body armour unavailable)
rPois   .          Reflect  .   k - +1 hat
rElec   .          Harm     .   p - scarf {repulsion}
rCorr   .          Rampage  .   c - +0 pair of gloves
Will    .....                   (no boots)
Stlth   +.........              (no amulet)
HPRegen 0.26/turn               d - ring of wizardry
MPRegen 0.17/turn               C - ring of see invisible

@: short of breath, glowing, repel missiles
A: breathe frost, AC +8, unfitting armour, cold resistance 1, cold-blooded
a: Breathe Frost, Renounce Religion, Wall of Briars, Grow Ballistomycete


You were on level 2 of the Lair of Beasts.
You worshipped Fedhas.
Fedhas was most pleased with you.
You visited 3 branches of the dungeon, and saw 13 of its levels.

You collected 724 gold pieces.
You spent 228 gold pieces at shops.

Inventory:

Hand Weapons
 D - the +10 dagger "Iseze" {holy, Int+3}
   (You found it on level 9 of the Dungeon)

   It has been blessed by the Shining One to cause great damage to the undead
   and demons.
   Int:       It affects your intelligence (+3).
Missiles
 b - 58 stones
 I - 2 throwing nets
Armour
 c - a +0 pair of gloves (worn)
 k - a +1 hat (worn)
 p - a scarf of repulsion (worn)
 t - an orb of light (worn)
Magical Staves
 q - a staff of earth (weapon)
Jewellery
 d - a ring of wizardry (left hand)
 g - an amulet of guardian spirit
 j - a ring of ice
 C - a ring of see invisible (right hand)
Wands
 h - a wand of charming (16)
 y - a wand of light (1)
 E - a wand of iceblast (10)
 F - a wand of digging (2)
Scrolls
 m - a scroll of enchant weapon
 n - 2 scrolls of poison
 r - a scroll of summoning
 u - a scroll of enchant armour
 v - a scroll of immolation
 w - a scroll of brand weapon
 x - a scroll of vulnerability {unknown}
 G - a scroll of noise {unknown}
 H - a scroll of magic mapping {unknown}
 J - a scroll of fear {unknown}
Potions
 f - 3 potions of attraction
 i - 5 potions of curing
 l - 2 potions of brilliance
 o - 2 potions of lignification
 s - a potion of mutation
 z - 2 potions of might
 A - 2 potions of flight


   Skills:
 - Level 6.0 Fighting
 - Level 1.1(2.2) Short Blades
 - Level 3.0(3.1) Long Blades
 - Level 3.0 Staves
 + Level 4.4 Dodging
 - Level 1.7 Stealth
 - Level 6.0 Spellcasting
 - Level 6.0 Conjurations
 * Level 8.1 Summonings
 - Level 3.0 Transmutations
 - Level 12.0 Earth Magic
 + Level 4.9 Invocations
 - Level 3.0 Evocations


You had 2 spell levels left.
You knew the following spells:

 Your Spells              Type           Power      Damage    Failure   Level
a - Sandblast             Erth           100%       2d20      1%          1
b - Lee's Rapid Deconstr  Erth           33%        3d18*     1%          5
c - Passwall              Tmut/Erth      41%        N/A       1%          2
d - Stone Arrow           Conj/Erth      100%       3d13      1%          3
e - Summon Cactus Giant   Summ           18%        N/A       24%         6
v - Petrify               Tmut/Erth      50%        N/A       1%          4

Your spell library contained the following spells:

 Spells                   Type           Power      Damage    Failure   Level
 Beastly Appendage        Tmut           34%        N/A       1%          1
 Magic Dart               Conj           100%       1d8       1%          1
 Shock                    Conj/Air       68%        1d7       1%          1
 Summon Small Mammal      Summ           100%       N/A       1%          1
 Wereblood                Tmut           17%        N/A       1%          2
 Apportation              Tloc           10%        N/A       4%          1
 Necrotise                Necr           20%        1d5       4%          1
 Leda's Liquefaction      Hex/Erth       21%        N/A       4%          4
 Spider Form              Tmut/Pois      11%        N/A       8%          3
 Summon Forest            Summ/Tloc      10%        N/A       24%         5
 Summon Mana Viper        Hex/Summ       21%        N/A       24%         5
 Statue Form              Tmut/Erth      33%        N/A       30%         6


Dungeon Overview and Level Annotations

Branches:
Dungeon (10/15)            Temple (1/1) D:7            Lair (2/5) D:10
  Swamp: Lair:2-3    Shoals: Lair:2-3     Snake: Lair:2-3    Spider: Lair:2-3
    Orc: D:9-12

Altars:
Ashenzari
Cheibriados
Dithmenos
Elyvilon
Fedhas
Gozag
Hepliaklqana
Kikubaaqudgha
Makhleb
Nemelex Xobeh
Okawaru
Qazlal
Ru
Sif Muna
Trog
Uskayaw
Vehumet
Wu Jian
Xom
Yredelemnul
Zin
The Shining One

Shops:
D:3 *   D:4 ?   D:5 *   D:7 *

Annotations:
D:10 Lodul
Lair:1 3 runed translucent doors, Zeldest's ghost, journeyman DrAE


Innate Abilities, Weirdness & Mutations

You can breathe waves of freezing cold which knock back foes.
Your icy white scales are hard. (AC +8)
You cannot fit into any form of body armour.
Your flesh is cold resistant. (rC+)
You are cold-blooded and may be slowed by cold attacks.


Message History

The blink frog hits you!
The blink frog blinks! x2
The blink frog blinks!
The blink frog completely misses you.
The blink frog hits you but does no damage.
The blink frog barely misses you.
The blink frog blinks!
The blink frog attacks as you move away!
The blink frog closely misses you.
The blink frog blinks! x2
The blink frog attacks as you move away!
The blink frog hits you!
The nameless horror attacks as you move away!
The nameless horror hits you!!
You feel your power leaking away.
The blink frog blinks!
The blink frog hits you but does no damage.
The nameless horror attacks as you move away!
The nameless horror hits you!!
You feel your power leaking away.
The blink frog blinks!
Unknown command.
Aiming: Breathe Frost (2% risk of failure)
Press: ? - help, Shift-Dir - straight line, f - nameless horror
Aim: a nameless horror (durably summoned, haloed, 100% to hit)
You exhale a wave of freezing cold.
The freezing breath hits the nameless horror!
The nameless horror is moderately damaged.
The freezing breath misses the blink frog.
The blink frog blinks!
The blink frog misses you. The nameless horror hits you!
* * * LOW HITPOINT WARNING * * *
You feel your power leaking away. The blink frog hits you!
* * * LOW HITPOINT WARNING * * *
The blink frog blinks!
Your magical contamination has completely faded away.
Unknown command.
The blink frog blinks!
The nameless horror attacks as you move away!
The nameless horror hits you!
You die...
Fedhas appreciates your contribution to the ecosystem.

...### ##.P###.##............#
>...... .....................#
...#.## .....................#
...####....##..................#
....# #.....###F..#.P#####.......
....# #.....##..F..### ........
....###.....###F.F.# # .#...#..#
...###......###.X..##..........##
#..# #....##.#.@...$... ....###
...####......................#.
...##.#...........#####. ..##
#........†........# # ....
###...............# .#....
#.......P#.##...# ### ##....
#...#...#######÷####.###..#
#...#...# #...........#####
#.......# #............#.#.


You could see a nameless horror and 4 blink frogs.

Vanquished Creatures
  Gastronok (D:8)
  A boulder beetle (Lair:1)
  An ugly thing (D:9)
  An elephant (Lair:1)
  2 cane toads
  Maggie (D:8)
  Psyche (D:9)
  A rime drake (Lair:2)
  A komodo dragon (Lair:2)
  A hornet (D:10)
  12 blink frogs (Lair:1)
  2 vampires
  2 wraiths
  2 wyverns (Lair:1)
  23 yaks
  Grum (D:8)
  A steam dragon (Lair:1)
  An acid dragon (D:8)
  A water moccasin (Lair:1)
  2 ice beasts
  2 sky beasts
  2 orc warriors
  2 black bears (D:5)
  2 centaurs
  5 wolves
  2 ogres
  3 phantoms
  3 kobold brigands
  5 bullfrogs
  2 scorpions
  5 wights (D:8)
  10 killer bees
  7 howler monkeys
  2 electric eels (D:7)
  5 orc priests
  2 jellies (D:5)
  A gnoll bouda (D:10)
  7 hounds
  4 hell rats (Lair:1)
  3 iguanas
  5 orc wizards
  10 gnolls
  7 adders
  2 shadow imps (D:7)
  3 white imps
  3 ufetubi
  3 worms
  4 dart slugs
  21 orcs
  6 endoplasms
  6 giant cockroaches
  5 goblins
  9 hobgoblins
  20 kobolds
  2 quokkas
  8 ball pythons
  3 bats
  5 frilled lizards
  8 rats
262 creatures vanquished.

Vanquished Creatures (collateral kills)
  A blink frog (Lair:1)
  An orc wizard (D:6)
  An adder (D:4)
  2 orcs (D:6)
  A hobgoblin (D:2)
6 creatures vanquished.

Vanquished Creatures (others)
  A centaur (D:10)
  A kobold brigand (D:10)
  A kobold (D:10)
  11 fungi
  17 plants
31 creatures vanquished.

Grand Total: 299 creatures vanquished

Notes
Turn   | Place    | Note
-------+----------+-------------------------------------------
     0 | D:1      | experimilk the Draconian Earth Elementalist began the quest
                  | for the Orb.
     0 | D:1      | Reached XP level 1. HP: 14/14 MP: 3/3
    59 | D:1      | Found a faded altar of an unknown god.
   202 | D:1      | Learned a level 1 spell: Summon Small Mammal
   378 | D:1      | Reached XP level 2. HP: 20/20 MP: 0/5
   667 | D:1      | Reached skill level 1 in Summonings
   761 | D:1      | Learned a level 2 spell: Passwall
  1137 | D:2      | Reached XP level 3. HP: 26/26 MP: 4/6
  2023 | D:3      | Reached skill level 4 in Earth Magic
  2230 | D:3      | Reached XP level 4. HP: 33/33 MP: 3/7
  2309 | D:3      | Learned a level 3 spell: Stone Arrow
  2638 | D:3      | Reached XP level 5. HP: 38/38 MP: 3/9
  2743 | D:3      | Found Jomes's Assorted Antiques.
  3168 | D:4      | Reached skill level 5 in Earth Magic
  3172 | D:4      | Reached skill level 1 in Conjurations
  3349 | D:4      | Found Tegg's Magic Scroll Shoppe.
  3357 | D:4      | Bought a scroll of teleportation for 39 gold pieces
  3357 | D:4      | Bought a scroll of blinking for 97 gold pieces
  4042 | D:4      | Reached XP level 6. HP: 45/45 MP: 0/10
  4387 | D:4      | Got Jiucwine's Beginning Course on Theurgy
  4393 | D:4      | Learned a level 4 spell: Petrify
  5429 | D:5      | Entered Level 5 of the Dungeon
  5432 | D:5      | Reached skill level 6 in Earth Magic
  5432 | D:5      | Your scales start taking on an icy white colour.
  5432 | D:5      | Reached XP level 7. HP: 50/50 MP: 4/11
  5432 | D:5      | Gained mutation: Your flesh is cold resistant. (rC+) [White
                  | Draconian growth]
  5840 | D:5      | Found Senathoq's Assorted Antiques.
  5845 | D:5      | Bought a brown potion for 20 gold pieces
  5845 | D:5      | Bought a scroll of identify for 46 gold pieces
  5919 | D:5      | Reached skill level 7 in Earth Magic
  6452 | D:4      | Bought a scroll of identify for 26 gold pieces
  6791 | D:5      | Reached skill level 8 in Earth Magic
  6791 | D:5      | Reached XP level 8. HP: 51/57 MP: 0/12
  6905 | D:5      | Reached skill level 1 in Fighting
  7675 | D:6      | Found a basalt altar of Yredelemnul.
  7953 | D:6      | Found a white marble altar of Elyvilon.
  8091 | D:6      | Reached skill level 9 in Earth Magic
  8359 | D:6      | Found a burning altar of Makhleb.
  8888 | D:7      | Reached XP level 9. HP: 69/69 MP: 10/14
  9648 | D:7      | Found a snail-covered altar of Cheibriados.
  9687 | D:7      | Found a staircase to the Ecumenical Temple.
  9704 | Temple   | Entered the Ecumenical Temple
  9848 | Temple   | Became a worshipper of Fedhas Madash
 10004 | D:7      | Found Dich's Overcharged Wands.
 10075 | D:7      | Found an iron altar of Okawaru.
 10077 | D:7      | Found a hazy altar of Hepliaklqana.
 11555 | D:8      | Reached skill level 1 in Long Blades
 11645 | D:8      | Noticed Gastronok
 11701 | D:8      | Killed Gastronok
 11702 | D:8      | Reached skill level 5 in Conjurations
 11702 | D:8      | Reached skill level 10 in Earth Magic
 11989 | D:8      | Found a shimmering blue altar of Sif Muna.
 12104 | D:8      | Reached * piety under Fedhas
 12105 | D:8      | Reached XP level 10. HP: 79/79 MP: 0/16
 12273 | D:8      | Identified the +1 robe of a Labyrinth {Str+3}
 12356 | D:8      | Noticed Maggie
 12884 | D:8      | Killed Maggie
 13148 | D:8      | Found a hide-covered altar of Uskayaw.
 13300 | D:8      | Noticed Grum
 13305 | D:8      | Killed Grum
 13306 | D:8      | Reached skill level 5 in Fighting
 13533 | D:9      | Identified the +8 hand axe "Kakkyl Peas" {drain, Fragile
                  | rF+ Dex+5 SInv}
 13549 | D:9      | Noticed a white ugly thing
 13575 | D:9      | Killed a white ugly thing
 13576 | D:9      | Reached skill level 5 in Spellcasting
 13576 | D:9      | Reached skill level 11 in Earth Magic
 13766 | D:9      | Identified the +10 dagger "Iseze" {holy, Int+3}
 13996 | D:9      | Noticed Psyche
 14002 | D:9      | Killed Psyche
 14003 | D:9      | Reached skill level 1 in Evocations
 14098 | D:9      | Reached skill level 1 in Short Blades
 14144 | D:9      | Found a sacrificial altar of Ru.
 14450 | D:9      | Learned a level 5 spell: Lee's Rapid Deconstruction
 14595 | D:9      | Reached ** piety under Fedhas
 14756 | D:10     | Entered Level 10 of the Dungeon
 14758 | D:10     | Identified a scroll of acquirement
 14761 | D:9      | Acquired a staff of earth
 15153 | D:10     | Learned a level 4 spell: Leda's Liquefaction
 15157 | D:10     | Noticed Lodul
 15430 | D:10     | Reached skill level 1 in Staves
 15606 | D:10     | Found a staircase to the Lair.
 15606 | D:10     | Noticed an oklob plant
 15656 | Lair:1   | Entered Level 1 of the Lair of Beasts
 15730 | Lair:1   | Noticed an ice dragon
 15730 | Lair:1   | Noticed Zeldest's ghost (journeyman DrAE)
 15769 | Lair:1   | Found a runed translucent gate.
 15769 | Lair:1   | Found a runed translucent gate.
 15769 | Lair:1   | Found a runed translucent gate.
 15779 | Lair:1   | Reached XP level 11. HP: 87/89 MP: 7/19
 15938 | Lair:1   | Reached skill level 1 in Invocations
 16192 | Lair:1   | Learned a level 6 spell: Summon Cactus Giant
 16207 | Lair:1   | Reached skill level 12 in Earth Magic
 16316 | Lair:1   | Reached skill level 5 in Summonings
 16318 | Lair:1   | Reached *** piety under Fedhas
 16846 | Lair:1   | Noticed a boulder beetle
 17663 | Lair:1   | HP: 1/89 [boulder beetle (30)]
 18585 | Lair:1   | Noticed a boulder beetle
 20356 | Lair:1   | Killed a boulder beetle
 21088 | Lair:2   | Reached XP level 12. HP: 96/96 MP: 14/21
 21291 | Lair:2   | Noticed a nameless horror
 21307 | Lair:2   | Slain by a nameless horror

Illustrated notes

Levels and vault maps discovered:
D:1:      dpeg_arrival_simpleton_b, layout_basic,
          shapermc_ecumenical_altar_mp_highgroup
D:2:      layout_rooms, minmay_misc_feat_room
D:3:      layout_basic, serial_shops, shop
D:4:      layout_rooms, portal_sewer_entry_b, serial_shops,
          nicolae_shop_statue_plus, minmay_box_of_dots
D:5:      layout_rooms, serial_curves, eino_curves_04, eino_curves_02,
          serial_shops, shop
D:6:      layout_rooms, kennysheep_ying_yang, general_overflow_altar
D:7:      lemuel_ice_spiral_2, layout_basic, kennysheep_little_box,
          nicolae_overflow_squiral, minmay_temple_entry_ruins, abandoned_shop,
          minmay_misc_feat_alley, nicolae_shop_overcharged_wands
D:8:      layout_loops_ring, mainiacjoe_overflow_catwalk,
          mainiacjoe_overflow_boulevard, uniq_gastronok, uniq_maggie, uniq_grum
D:9:      layout_roguey, nicolae_ru_sacrificial_ziggurat,
          amcnicky_mini_rare_corridor_liquid, minivault_11,
          grunt_decor_junction, library_closet, st_stairs_5, uniq_psyche
D:10:     layout_long_grid, dpeg_oklobed_lair, minmay_liquid_box, uniq_lodul
Temple:   dshaligram_water_room_temple
Lair:1:   layout_loops_ring, gammafunk_ghost_icy,
          hellmonk_guarded_unrand_seven_league_boots
Lair:2:   layout_small_grid, nicolae_quartered_pool_little,
          nicolae_lair_lindhole, lemuel_fruit_fields, lemuel_fruit_tree

Skill      XL: |  1  2  3  4  5  6  7  8  9 10 11 |
---------------+----------------------------------+-----
Summonings     | 1 2 3 4 8 |  8.1
Earth Magic    | 4 5 6 8 9 10 11 12 | 12.0
Conjurations   | 1 3 5 6 |  6.0
Spellcasting   | 3 4 5 6 |  6.0
Transmutations | 3 |  3.0
Dodging        | 3 4 |  4.4
Fighting       | 3 4 6 |  6.0
Long Blades    | 2 3 |  3.0
Evocations     | 2 3 |  3.0
Short Blades   | 1 |  1.1
Staves         | 1 3 |  3.0
Invocations    | 4 |  4.9
Stealth        | |  1.7

Action                   |  1- 3 |  4- 6 |  7- 9 | 10-12 || total
-------------------------+-------+-------+-------+-------++-------
Melee: Dagger            |     4 |    69 |    12 |       ||    85
       Punch             |       |     1 |       |       ||     1
       Tailslap          |       |     5 |    12 |     4 ||    21
       Rapier            |       |       |    42 |       ||    42
       Falchion          |       |       |    11 |    10 ||    21
       Staff             |       |       |       |     9 ||     9
 Cast: Sandblast         |    55 |    40 |    37 |    49 ||   181
       Passwall          |     1 |       |       |       ||     1
       Summon Small Mamm |     3 |    10 |    11 |     3 ||    27
       Stone Arrow       |       |    25 |   101 |   138 ||   264
       Lee's Rapid Decon |       |       |       |    19 ||    19
       Leda's Liquefacti |       |       |       |     1 ||     1
       Petrify           |       |       |       |     2 ||     2
Invok: Wall of Briars    |       |       |       |     5 ||     5
 Abil: Breathe Frost     |       |       |    31 |    28 ||    59
Evoke: Wand              |       |       |     3 |     8 ||    11
  Use: Scroll            |     3 |     4 |     4 |    18 ||    29
       Potion            |       |     2 |     2 |     2 ||     6
 Stab: Sleeping          |     1 |       |       |       ||     1
Armor: Skin              |     5 |    63 |    32 |    46 ||   146
Dodge: Dodged            |    18 |   102 |    74 |    98 ||   292
       Repelled          |       |       |     2 |     4 ||     6
